 Dungeon Crawl Stone Soup version 0.28.0-47-ge53b351184 (webtiles) character file.

Game seed: 18443477813180816907

5023 Eitelfritz the Cudgeller (level 10, -8/76 HPs)
             Began as a Demonspawn Gladiator on Apr 29, 2022.
             Was a Follower of Nemelex Xobeh.
             Mangled by a slime creature (18 damage)
             ... on level 8 of the Dungeon.
             The game lasted 00:20:44 (9810 turns).

Eitelfritz the Cudgeller (Demonspawn Gladiator)     Turns: 9810, Time: 00:20:45

Health: -8/76      AC:  9    Str: 20    XL:     10   Next: 30%
Magic:  10/10      EV: 15    Int:  9    God:    Nemelex Xobeh [*.....]
Gold:   159        SH:  0    Dex: 14    Spells: 9/9 levels left

rFire   . . .      SeeInvis +   a - +5 whip of Ujarecze {freeze, Stlth+}
rCold   . . .      Faith    +   (no shield)
rNeg    . . .      Spirit   .   k - +0 ring mail
rPois   .          Reflect  .   c - +2 helmet
rElec   .          Harm     .   u - scarf {shadows}
rCorr   .          Rampage  .   (no gloves)
Will    .....                   (no boots)
Stlth   +++.......              G - amulet of faith
HPRegen 0.22/turn               j - ring of see invisible
MPRegen 0.12/turn               (no ring)

@: no status effects
A: claws 1, repulsion field 1, demonic guardian 2, spiny 2
a: Renounce Religion, Draw Escape, Draw Destruction, Draw Summoning


You were on level 8 of the Dungeon.
You worshipped Nemelex Xobeh.
Nemelex Xobeh was aware of your devotion.
You visited 2 branches of the dungeon, and saw 9 of its levels.

You collected 336 gold pieces.
You spent 177 gold pieces at shops.

Inventory:

Hand Weapons
 a - the +5 whip of Ujarecze (weapon) {freeze, Stlth+}
   (You found it on level 3 of the Dungeon)

   It freezes those it strikes, dealing additional cold damage.
   It can also slow down cold-blooded creatures.
   Stlth:     It makes you more stealthy.
 b - a +0 shortbow of freezing
 m - a +0 long sword
 r - a +1 bardiche of venom
 J - a +2 mace of holy wrath
Missiles
 d - 7 throwing nets (quivered)
 s - 46 arrows
 x - 13 poisoned darts
 K - 6 atropa-tipped darts
 L - a curare-tipped dart
Armour
 c - a +2 helmet (worn)
 k - a +0 ring mail (worn)
 u - a scarf of shadows (worn)
Jewellery
 j - a ring of see invisible (left claw)
 G - an amulet of faith (around neck)
Wands
 z - a wand of flame (30)
 A - a wand of acid (7)
Scrolls
 f - a scroll of blinking
 h - 2 scrolls of magic mapping
 l - 3 scrolls of teleportation
 n - a scroll of fog
 o - 2 scrolls of enchant weapon {unknown}
 y - a scroll of summoning
 B - a scroll of amnesia {unknown}
 D - a scroll of immolation {unknown}
 E - 2 scrolls of enchant armour
 F - a scroll of identify
 I - a scroll of fear {unknown}
Potions
 e - 2 potions of curing
 g - 2 potions of lignification
 i - a potion of might {unknown}
 p - a potion of attraction
 q - a potion of flight
 t - 2 potions of ambrosia
 v - a potion of brilliance
 w - 3 potions of heal wounds
 C - a potion of degeneration {unknown}
 H - a potion of haste {unknown}


   Skills:
 + Level 6.0 Fighting
 + Level 4.4 Long Blades
 + Level 7.2 Maces & Flails
 + Level 3.0 Bows
 + Level 2.1 Throwing
 + Level 6.2 Armour
 + Level 5.9 Dodging
 + Level 4.6 Stealth


You had 9 spell levels left.
You didn't know any spells.
Your spell library contained the following spells:

 Spells                   Type           Power      Damage    Failure   Level
 Conjure Flame            Conj/Fire      0%         6-21      88%         3
 Gell's Gravitas          Tloc           0%         N/A       88%         3
 Ignite Poison            Fire/Tmut/Pois 0%         N/A       88%         3
 Lesser Beckoning         Tloc           0%         N/A       88%         3
 Ozocubu's Armour         Ice            0%         N/A       88%         3
 Teleport Other           Tloc           0%         N/A       88%         3
 Petrify                  Tmut/Erth      0%         N/A       99%         4
 Sticky Flame             Conj/Fire      0%         2d3       99%         4
 Metabolic Englaciation   Hex/Ice        0%         N/A       100%        5
 Statue Form              Tmut/Erth      0%         N/A       100%        6
 Ozocubu's Refrigeration  Ice            0%         4d5       100%        7


Dungeon Overview and Level Annotations

Branches:
Dungeon (8/15)             Temple (1/1) D:5            Lair (0/6) D:8

Altars:
Ashenzari
Cheibriados
Dithmenos
Elyvilon
Fedhas
Gozag
Hepliaklqana
Makhleb
Nemelex Xobeh
Okawaru
Qazlal
Ru
Sif Muna
Trog
Uskayaw
Vehumet
Wu Jian
Xom
Yredelemnul
Zin
The Shining One

Shops:
D:4 !!?=


Innate Abilities, Weirdness & Mutations

You have sharp fingernails.
You are surrounded by a mild repulsion field. (EV +2)
A demonic guardian rushes to your aid.
You are mostly covered in sharp spines.


Message History

The slime creature is struck by your spines.
The slime creature completely misses you.
Unknown command.
Unknown command.
You hit the slime creature. You freeze the slime creature.
The slime creature is lightly wounded.
The slime creature hits you.
Unknown command.
You whack the slime creature! You freeze the slime creature.
The slime creature is moderately wounded.
Unknown command.
You whack the slime creature! You freeze the slime creature.
The slime creature is heavily wounded.
The slime creature is struck by your spines.
The slime creature barely misses you. The slime creature hits you.
The slime creature hits you but does no damage.
You whack the slime creature! You freeze the slime creature.
You kill the slime creature!
The slime creature is struck by your spines.
The slime creature barely misses you.
The slime creature is struck by your spines.
The slime creature hits you!
* * * LOW HITPOINT WARNING * * *
You whack the slime creature! You freeze the slime creature.
You kill the slime creature!
The slime creature is struck by your spines.
The slime creature closely misses you.
Your Fighting skill increases to level 6!
You hit the slime creature. You freeze the slime creature.
The slime creature is heavily wounded.
You hit the slime creature. You freeze the slime creature.
The slime creature is severely wounded.
The slime creature hits you!
* * * LOW HITPOINT WARNING * * *
A demonic guardian appears!
You whack the slime creature! You freeze the slime creature.
The slime creature is almost dead.
The slime creature hits you!!
You die...
Your body disappears without a glow.

#............#.......P.P..
#.......................P.
#....................>....
#..............÷P..P.P....
######...###.#.........P..
#...# #.##.P♣..P..P..
##########.##...........
........##.###..........
.....4J@...###........♣.
).......###........P..#.
...###########.##.......
##........†....#####...)
#.###########.## #....
#..# #.... ######.## #....
........# #....
#######.###....


You could see a slime creature (ally target) and a friendly ice devil
(summoned).

Vanquished Creatures
  Pikel (D:4)
  2 centaur zombies
  Grinder (D:4)
  2 slime creatures (D:8)
  3 wyverns (D:8)
  Sigmund (D:3)
  Menkaure (D:5)
  3 water moccasins (D:8)
  4 black bears (D:8)
  An orc warrior (D:8)
  A wolf (D:8)
  3 ogres
  2 centaurs
  4 lemures (D:4)
  A gnoll sergeant (D:8)
  A kobold brigand (D:7)
  2 scorpions (D:6)
  A wyvern skeleton (D:4)
  6 killer bees (D:6)
  2 howler monkeys (D:7)
  2 jellies
  A centaur skeleton (D:6)
  A bullfrog skeleton (D:7)
  3 hounds
  An orc priest (D:8)
  2 gnoll shamans (D:6)
  2 orc wizards
  Natasha (thrice) (D:4)
  4 iguanas
  A killer bee zombie (D:7)
  Robin (D:4)
  6 gnolls (D:6)
  2 adders
  A shadow imp (D:8)
  A white imp (D:6)
  2 ufetubi
  4 worms
  2 dart slugs
  11 orcs
  4 bats
  7 endoplasms
  2 giant cockroaches
  7 goblins
  12 hobgoblins
  10 kobolds
  2 quokkas
  7 ball pythons
  2 frilled lizards
  4 rats
149 creatures vanquished.

Vanquished Creatures (collateral kills)
  Edmund (D:4)
  A black bear (D:7)
  An ogre (D:5)
  3 orcs (D:8)
6 creatures vanquished.

Vanquished Creatures (others)
  2 fungi (D:8)
  3 plants (D:8)
5 creatures vanquished.

Grand Total: 160 creatures vanquished

Notes
Turn   | Place    | Note
-------+----------+-------------------------------------------
     0 | D:1      | Eitelfritz the Demonspawn Gladiator began the quest for the
                  | Orb.
     0 | D:1      | Reached XP level 1. HP: 16/16 MP: 1/1
   211 | D:1      | Gained mutation: You are partially covered in sharp spines.
                  | [demonic ancestry]
   211 | D:1      | Reached XP level 2. HP: 14/22 MP: 2/2
   949 | D:2      | Gained mutation: A weak demonic guardian rushes to your
                  | aid. [demonic ancestry]
   949 | D:2      | Reached XP level 3. HP: 27/27 MP: 3/3
  1137 | D:2      | Found a faded altar of an unknown god.
  1765 | D:3      | Noticed Sigmund
  1778 | D:3      | Killed Sigmund
  1779 | D:3      | Reached skill level 1 in Armour
  1779 | D:3      | Reached skill level 1 in Stealth
  1779 | D:3      | Reached XP level 4. HP: 9/34 MP: 4/4
  1779 | D:3      | Gained mutation: You are mostly covered in sharp spines.
                  | [demonic ancestry]
  1779 | D:3      | Reached XP level 5. HP: 10/39 MP: 5/5
  2144 | D:3      | Identified the +5 whip of Ujarecze {freeze, Stlth+}
  2288 | D:4      | Noticed Pikel
  2288 | D:4      | Noticed a lemure
  2288 | D:4      | Noticed a lemure
  2288 | D:4      | Noticed a lemure
  2288 | D:4      | Noticed a lemure
  2310 | D:4      | Noticed Natasha
  2311 | D:4      | Found Raetzuge's Magic Scroll Shoppe.
  2315 | D:4      | Killed Natasha
  2421 | D:4      | Bought a scroll of magic mapping for 49 gold pieces
  2421 | D:4      | Bought a scroll of identify for 28 gold pieces
  2421 | D:4      | Bought a scroll of teleportation for 42 gold pieces
  2421 | D:4      | Bought a scroll of fog for 28 gold pieces
  2654 | D:4      | Killed a lemure
  2658 | D:4      | Killed a lemure
  2777 | D:4      | Killed a lemure
  2781 | D:4      | Killed a lemure
  2946 | D:4      | Noticed Grinder
  2955 | D:4      | Reached XP level 6. HP: 42/46 MP: 6/6
  2996 | D:4      | Killed Grinder
  2997 | D:4      | Reached skill level 1 in Maces & Flails
  3134 | D:4      | Gained mutation: You are surrounded by a mild repulsion
                  | field. (EV +2) [demonic ancestry]
  3134 | D:4      | Reached XP level 7. HP: 38/51 MP: 7/7
  3140 | D:4      | Reached skill level 2 in Maces & Flails
  3378 | D:4      | Noticed Robin
  3459 | D:4      | Killed Robin
  3530 | D:4      | Noticed Natasha
  3533 | D:4      | Killed Natasha
  3546 | D:4      | Killed Pikel
  3547 | D:4      | Reached skill level 3 in Maces & Flails
  3547 | D:4      | Reached skill level 1 in Bows
  3547 | D:4      | Gained mutation: You have sharp fingernails. [demonic
                  | ancestry]
  3547 | D:4      | Reached XP level 8. HP: 32/60 MP: 8/8
  3593 | D:4      | Noticed Natasha
  3599 | D:4      | Killed Natasha
  3849 | D:4      | Found Wieracer's Jewellery Emporium.
  3971 | D:4      | Found Umuniobu's Distillery.
  3987 | D:4      | Found Hoschoiha's Distillery.
  4027 | D:4      | Bought a potion of curing for 30 gold pieces
  4113 | D:4      | Noticed Edmund
  4125 | D:4      | HP: 3/60 [Edmund/+0 flail of holy wrath (10)]
  4125 | D:4      | Killed Edmund
  4597 | D:5      | Entered Level 5 of the Dungeon
  4659 | D:5      | Reached skill level 4 in Maces & Flails
  4816 | D:5      | Found a staircase to the Ecumenical Temple.
  5179 | D:5      | Reached skill level 5 in Dodging
  5325 | D:5      | Noticed Menkaure
  5334 | D:5      | Killed Menkaure
  6173 | D:6      | Reached skill level 5 in Armour
  6173 | D:6      | Gained mutation: A demonic guardian rushes to your aid.
                  | [demonic ancestry]
  6173 | D:6      | Reached XP level 9. HP: 48/66 MP: 9/9
  6325 | D:6      | Reached skill level 5 in Maces & Flails
  7171 | Temple   | Entered the Ecumenical Temple
  7568 | Temple   | Became a worshipper of Nemelex Xobeh the Trickster
  8175 | D:7      | Reached skill level 5 in Fighting
  8732 | D:8      | Reached skill level 6 in Maces & Flails
  9215 | D:8      | Reached XP level 10. HP: 65/74 MP: 10/10
  9375 | D:8      | Found a staircase to the Lair.
  9389 | D:8      | Reached * piety under Nemelex Xobeh
  9633 | D:8      | Reached skill level 7 in Maces & Flails
  9810 | D:8      | Mangled by a slime creature

Illustrated notes

Levels and vault maps discovered:
D:1:      dpeg_arrival_houses_and_road, layout_loops_ring
D:2:      layout_loops_cross, nicolae_ecumenical_oubliette
D:3:      layout_rooms, uniq_sigmund
D:4:      layout_cave_pods, serial_shops, shop, nicolae_stop_n_shop_2,
          nicolae_lakefront_shop, shop, uniq_robin, uniq_edmund, uniq_pikel,
          uniq_grinder, uniq_natasha
D:5:      layout_basic, minmay_temple_entry_butterflies, uniq_menkaure
D:6:      layout_loops_ring
D:7:      layout_cave_pools
D:8:      layout_basic, minmay_lair_entry_grove, nicolae_benzene_ring
Temple:   compressed_dpeg_triangle_lava_temple

Skill      XL: |  1  2  3  4  5  6  7  8  9 10 |
---------------+-------------------------------+-----
Dodging        | 3 4 5 |  5.9
Long Blades    | 3 4 |  4.4
Throwing       | 2 |  2.1
Armour         | 1 2 4 5 6 |  6.2
Stealth        | 1 2 3 4 |  4.6
Maces & Flails | 1 3 4 6 7 |  7.2
Fighting       | 3 4 5 6 |  6.0
Bows           | 1 2 3 |  3.0

Action                   |  1- 3 |  4- 6 |  7- 9 | 10-12 || total
-------------------------+-------+-------+-------+-------++-------
Melee: Long sword        |    69 |     4 |       |       ||    73
       Punch             |     2 |       |     2 |     4 ||     8
       Whip              |       |    49 |   225 |    55 ||   329
 Fire: Shortbow          |       |       |    17 |       ||    17
Throw: Throwing net      |     4 |       |       |     1 ||     5
  Use: Scroll            |       |     2 |     9 |       ||    11
 Stab: Sleeping          |     1 |     2 |     6 |       ||     9
       Held in net/web   |       |       |       |     1 ||     1
Armor: Leather armour    |    11 |       |       |       ||    11
       Ring mail         |     5 |     6 |    69 |    16 ||    96
Dodge: Dodged            |    48 |    23 |   141 |    33 ||   245
